 Dungeon Crawl Stone Soup version 0.23.2-33-g5129a83184 (webtiles) character file.

Game seed: 202424391881158531

51 DildoBatman the Magician (level 4, -4/30 HPs)
             Began as a Formicid Wizard on July 3, 2019.
             Slain by a leopard gecko (5 damage)
             ... on level 3 of the Dungeon.
             The game lasted 00:06:32 (2122 turns).

DildoBatman the Magician (Formicid Wizard)          Turns: 2122, Time: 00:06:32

Health: -4/30      AC:  3    Str:  9    XL:     4   Next: 7%
Magic:  5/8        EV: 11    Int: 18    God:
Gold:   212        SH:  0    Dex:  9    Spells: 2/9 levels left

rFire    . . .     SeeInvis +   q - +0 spear
rCold    . . .     Gourm    .   (no shield)
rNeg     . . .     Faith    .   a - +0 robe
rPois    .         Spirit   .   (helmet unavailable)
rElec    .         Reflect  .   (no cloak)
rCorr    .         Harm     .   (no gloves)
MR       .....                  k - +0 pair of boots
Stlth    +.........             (no amulet)
HPRegen  0.10/turn              p - -3 ring of strength (curse)
MPRegen  0.11/turn              (no ring)

@: heavily drained
A: permanent stasis, dig shafts and tunnels, four strong arms, antennae 3
a: Dig, Shaft Self


You were on level 3 of the Dungeon.
You were not hungry.

You visited 1 branch of the dungeon, and saw 3 of its levels.

You collected 212 gold pieces.

Inventory:

Hand Weapons
 q - a +0 spear (weapon)
Missiles
 g - 83 stones (quivered)
 m - 27 arrows
 r - 52 sling bullets
Armour
 a - a +0 robe (worn)
 k - a +0 pair of boots (worn)
Jewellery
 p - a cursed -3 ring of strength (left hand)
Scrolls
 c - a scroll of enchant weapon {unknown}
 h - a scroll of identify {unknown}
 i - a scroll of random uselessness {unknown}
 j - a scroll of amnesia {unknown}
 n - a scroll of fog {unknown}
 o - a scroll of remove curse {unknown}
Potions
 d - 2 potions of heal wounds {unknown}
 e - 2 potions of magic {unknown}
 f - a potion of cancellation {unknown}
 l - a potion of haste {unknown}
Comestibles
 v - 7 rations


   Skills:
 - Level 1.7(0.5) Dodging
 - Level 2.4(1.1) Stealth
 - Level 3.2(2.0) Spellcasting
 * Level 3.2(2.0) Conjurations
   Level 1.0(0.0) Summonings
   Level 0.8(0.0) Translocations


You had 2 spell levels left.
You knew the following spells:

 Your Spells              Type           Power        Failure   Level  Hunger
a - Conjure Flame         Conj/Fire      #.......     34%         3    ###....
c - Magic Dart            Conj           #...         8%          1    #......
e - Mephitic Cloud        Conj/Pois/Air  #.......     38%         3    ###....

Your spell library contained the following spells:

 Spells                   Type           Power        Failure   Level  Hunger
 Call Imp                 Summ           #.......     26%         2    ###....
 Slow                     Hex            #.......     26%         2    ###....
 Blink                    Tloc           Unusable     N/A         2    N/A

Dungeon Overview and Level Annotations

Branches:
Dungeon (3/15)

Altars:

Annotations:
D:1 exclusion: gnoll, Sigmund
D:2 2 exclusions


Innate Abilities, Weirdness & Mutations

You cannot be hasted, slowed, berserked, paralysed or teleported.
You can dig through walls and to a lower floor.
Your four strong arms can wield two-handed weapons with a shield.
You have a pair of large antennae on your head. (SInv)


Message History

What are your orders? t - Shout!
Orders for allies: a - Attack new target. r - Retreat! s - Stop attacking. g - Guard the area. f - Follow me.
Anything else - Cancel.
You shout for attention!
The leopard gecko bites you.
The giant cockroach bites you but does no damage.
The leopard gecko bites you. What are your orders? t - Shout!
Orders for allies: a - Attack new target. r - Retreat! s - Stop attacking. g - Guard the area. f - Follow me.
Anything else - Cancel.
You shout for attention!
The giant cockroach closely misses you. The leopard gecko bites you.
You die...

..... #.... #....
#.... #....#+##
#.......#
#.......## #.#
#...l@...#....#
#....s...#....#
#######..(.#.##.###
......#...........#
..................#
..................#
..................#
..............$...#
..................#


You could see a leopard gecko and a giant cockroach.

Vanquished Creatures
  An adder (D:3)
  A worm (D:1)
  A dart slug (D:2)
  A leopard gecko (D:1)
  9 bats
  A giant cockroach (D:1)
  2 goblins
  6 hobgoblins
  4 kobolds
  A quokka (D:2)
  A ball python (D:2)
  2 frilled lizards (D:1)
  3 rats
33 creatures vanquished.

Notes
Turn   | Place    | Note
-------+----------+-------------------------------------------
     0 | D:1      | DildoBatman the Formicid Wizard began the quest for the
                  | Orb.
     0 | D:1      | Reached XP level 1. HP: 13/13 MP: 4/4
   129 | D:1      | Reached skill level 1 in Conjurations
   456 | D:1      | Reached XP level 2. HP: 19/19 MP: 4/6
   831 | D:2      | Reached XP level 3. HP: 24/24 MP: 4/7
   836 | D:2      | Learned a level 3 spell: Conjure Flame
   840 | D:2      | Learned a level 3 spell: Mephitic Cloud
   881 | D:2      | Noticed Sigmund
  2068 | D:3      | Reached XP level 4. HP: 29/30 MP: 1/8
  2121 | D:3      | HP: 1/30 [leopard gecko (3)]
  2122 | D:3      | Slain by a leopard gecko

Skill      XL: |  1  2  3 |
---------------+----------+-----
Conjurations   | 1 2 3 |  3.2
Dodging        | |  1.7
Stealth        | |  2.4
Spellcasting   | |  3.2
Summonings     | |  1.0
Translocations | |  0.8

Action                   |  1- 3 |  4- 6 || total
-------------------------+-------+-------++-------
Melee: Club              |    26 |       ||    26
       Spear             |     7 |       ||     7
Throw: Stone             |     8 |       ||     8
 Cast: Magic Dart        |    98 |     2 ||   100
       Mephitic Cloud    |     2 |       ||     2
 Abil: Dig               |     4 |       ||     4
  Eat: Chunk             |     5 |       ||     5
Armor: Robe              |    15 |    14 ||    29
Dodge: Dodged            |    34 |    34 ||    68
